 Dungeon Crawl Stone Soup version 0.32-a0-42-ga30500b4d3 (webtiles) character file.

Game seed: 2321199896416919329

16121 pokeman the Eclecticist (level 12, -10/67 HPs)
             Began as a Deep Elf Hedge Wizard on Jan 29, 2024.
             Was an Elder of Vehumet.
             Mangled by a wraith (11 damage)
             ... on level 12 of the Dungeon.
             The game lasted 00:40:51 (15655 turns).

pokeman the Eclecticist (Deep Elf Hedge Wizard)    Turns: 15655, Time: 00:40:51

Health: -10/67     AC: 11    Str:  7    XL:     12   Next: 7%
Magic:  34/34      EV: 12    Int: 31    God:    Vehumet [****..]
Gold:   1370       SH:  0    Dex: 14    Spells: 26/44 levels left

rFire   . . .        b - +2 falchion (venom)
rCold   . . .        (no shield)
rNeg    . . .        F - +0 acid dragon scales
rPois   .            c - +0 hat
rElec   .            R - +0 cloak {rCorr}
rCorr   +            P - +2 pair of gloves
SInv    +            (no boots)
Will    +....        B - amulet of the acrobat
Stlth   ++           a - ring of see invisible
HPRegen 0.31/turn    K - +6 ring of intelligence
MPRegen 0.24/turn

%: acrobat
@: no status effects
A: no striking features
a: Renounce Religion


You were on level 12 of the Dungeon.
You worshipped Vehumet.
Vehumet was greatly pleased with you.
You visited 1 branch of the dungeon, and saw 12 of its levels.
You also visited: Bailey.

You collected 1814 gold pieces.
You spent 444 gold pieces at shops.

Inventory:

Hand Weapons
 b - a +2 falchion of venom (weapon)
 o - a +2 quarterstaff of chaos
 M - the +4 consecrated labrys {holy, Valiant ^Fragile Fly SInv}
   (You found it on level 10 of the Dungeon)

   Valiant:   It becomes more powerful as more dangerous foes come into view.
   SInv:      It lets you see invisible.
   Fly:       It grants you flight.
   ^Fragile:  It will be destroyed if unequipped.
Armour
 c - a +0 hat (worn)
 f - a +2 leather armour of cold resistance
 t - a scarf of harm
 F - +0 acid dragon scales (worn)
 G - a +2 robe of fire resistance
 P - a +2 pair of gloves (worn)
 R - a +0 cloak of preservation (worn)
Magical Staves
 k - a staff of earth
 v - a staff of conjuration
Jewellery
 a - a ring of see invisible (left hand)
 B - an amulet of the acrobat (around neck)
 D - a ring of protection from cold
 I - a ring of protection from cold
 K - a +6 ring of intelligence (right hand)
Wands
 u - a wand of flame (28)
 w - a wand of mindburst (5)
 N - a wand of charming (7)
 Q - a wand of light (5)
Scrolls
 e - 2 scrolls of amnesia
 g - 5 scrolls of enchant armour
 i - a scroll of brand weapon
 l - 5 scrolls of blinking
 n - 6 scrolls of teleportation
 p - 3 scrolls of identify
 r - 5 scrolls of noise
 x - a scroll of enchant weapon
 y - a scroll of fear
 A - 3 scrolls of immolation
 C - 2 scrolls of poison
 E - 4 scrolls of vulnerability
 J - a scroll of revelation
 L - a scroll of fog
 S - a scroll of summoning {unknown}
Potions
 d - a potion of magic
 h - 5 potions of curing
 j - 6 potions of enlightenment
 m - 3 potions of lignification
 q - a potion of haste
 s - 2 potions of brilliance
 z - 3 potions of might
 H - 3 potions of heal wounds
 O - a potion of cancellation


   Skills:
 + Level 4.7 Fighting
 - Level 5.0 Armour
 - Level 4.0 Dodging
 - Level 4.0 Stealth
 * Level 16.5 Spellcasting
 + Level 9.8 Conjurations
 - Level 1.1 Summonings
 - Level 1.1 Translocations
 - Level 1.1 Air Magic
 + Level 9.1 Earth Magic
 - Level 1.1 Alchemy
 - Level 1.0 Evocations


You had 26 spell levels left.
You knew the following spells:

 Your Spells              Type           Power      Damage    Failure   Level
a - Magic Dart            Conj           100%       1d8       1%          1
b - Mephitic Cloud        Conj/Alch/Air  50%        N/A       1%          3
c - Call Imp              Summ           64%        N/A       2%          2
d - Blink                 Tloc           64%        N/A       2%          2
e - Lee's Rapid Deconstr  Erth           35%        3d18*     1%          5
f - Irradiate             Conj/Alch      28%        3d21      2%          5

Your spell library contained the following spells:

 Spells                   Type           Power      Damage    Failure   Level
 Fulminant Prism          Conj/Alch      28%        3d14      1%          4
 Shock                    Conj/Air       100%       1d9       1%          1
 Static Discharge         Conj/Air       100%       3-8/arc   1%          2
 Dazzling Flash           Conj/Hex       100%       N/A       1%          3
 Slow                     Hex            100%       N/A       3%          1
 Cigotuvi's Dreadful Rot  Necr/Alch/Air  60%        N/A       3%          2
 Animate Armour           Summ/Erth      100%       N/A       3%          4
 Ensorcelled Hibernation  Hex/Ice        50%        N/A       4%          2
 Fugue of the Fallen      Necr           25%        N/A       9%          3
 Manifold Assault         Tloc           32%        N/A       19%         4
 Passage of Golubria      Tloc           32%        N/A       19%         4
 Anguish                  Hex/Necr       12%        N/A       28%         4
 Silence                  Hex/Air        14%        N/A       54%         5
 Lehudib's Crystal Spear  Conj/Erth      35%        10d9      65%         8
 Dispersal                Tloc           16%        N/A       96%         6
 Disjunction              Tloc           16%        N/A       100%        8
 Chain Lightning          Conj/Air       28%        3d37      100%        9


Dungeon Overview and Level Annotations

Branches:
Dungeon (12/15)            Temple (0/1) D:7            Lair (0/5) D:11
    Orc (0/2) D:10         Bailey (visited)

Altars:
Cheibriados
Dithmenos
Gozag
Hepliaklqana
Nemelex Xobeh
Vehumet
Xom

Shops:
D:4 ?   D:9 !   D:11 *(*

Annotations:
D:12 Nessos


Message History

Aiming: Lee's Rapid Deconstruction (dangerous; 1% risk of failure)
Press: ? - help, Dir - move target A rock wall.
The wall shatters!
The blast of rock fragments hits the cyclops!
The cyclops is heavily wounded.
You feel ready to blink again.
Casting: Lee's Rapid Deconstruction (dangerous; 1% risk of failure)
Confirm with . or Enter, or press ? or * to list all spells.
Aiming: Lee's Rapid Deconstruction (dangerous; 1% risk of failure)
Press: ? - help, Dir - move target A rock wall.
The wall shatters!
The blast of rock fragments hits the cyclops!!
You kill the cyclops!
Vehumet accepts your kill.
You feel your power returning.
Magic restored.
HP restored.
Done exploring.
Things that are here:
5 large rocks; a cyclops corpse
There is a stone staircase leading down here.
There is a stone staircase leading down here.
You climb downwards.
Level annotation: Nessos The two-headed ogre hits you with a +0 giant club! x2
The shadow slips into darkness.
The shadow flickers and vanishes for a moment.
The wraith closely misses you.
The cyclops shouts!
There is a stone staircase leading up here.
Unknown command.
The two-headed ogre completely misses you.
The two-headed ogre barely misses you.
The cyclops throws a large rock.
The large rock hits you!!!
Ouch! That really hurt!
* * * LOW HITPOINT WARNING * * *
The wraith hits you!
You die...

#)#....
.(.....
......#
....C..#
#.......
#####.......
#..O........
#..W@...#
##<.W.##.#
###..##
#....#
#.....)#
#......#
#.......
##[......
.........


You could see a two-headed ogre, a cyclops, a wraith and a shadow (invisible).

Vanquished Creatures
  Erolcha (D:11)
  Erica (D:9)
  2 two-headed ogres
  A skeletal warrior (D:11)
  An orc knight (D:11)
  A cyclops (D:11)
  Maurice (D:11)
  Joseph (D:8)
  A gargoyle (D:10)
  Psyche (D:8)
  3 trolls
  Grinder (D:3)
  A slime creature (D:12)
  2 wraiths
  20 yaks
  Grum (D:10)
  A basilisk (D:11)
  4 water moccasins
  2 acid dragons
  2 sky beasts
  17 orc warriors
  5 ogres
  A black bear (D:6)
  5 wolves
  6 centaurs
  4 kobold brigands
  4 bullfrogs
  2 gnoll sergeants
  5 scorpions
  8 wights
  4 killer bees (D:7)
  A howler monkey (D:7)
  A bombardier beetle (D:5)
  4 hounds
  17 orc priests
  2 jellies
  Crazy Yiuf (D:2)
  2 sleepcaps
  3 iguanas
  16 orc wizards
  14 gnolls
  8 adders
  A shadow imp (D:8)
  4 ufetubi
  6 dart slugs
  80 orcs
  5 endoplasms
  2 giant cockroaches (D:1)
  9 goblins
  9 hobgoblins
  4 jackals (D:1)
  32 kobolds
  3 quokkas
  8 ball pythons
  5 bats
  3 frilled lizards
  7 rats
356 creatures vanquished.

Vanquished Creatures (others)
  A gnoll (D:9)
1 creature vanquished.

Grand Total: 357 creatures vanquished

Notes
Turn   | Place    | Note
-------+----------+-------------------------------------------
     0 | D:1      | pokeman the Deep Elf Hedge Wizard began the quest for the
                  | Orb.
     0 | D:1      | Reached XP level 1. HP: 10/10 MP: 7/7
   259 | D:1      | Reached XP level 2. HP: 16/16 MP: 4/9
   665 | D:1      | Reached skill level 5 in Spellcasting
   846 | D:1      | Reached XP level 3. HP: 20/20 MP: 8/11
   850 | D:1      | Learned a level 3 spell: Mephitic Cloud
   853 | D:1      | Learned a level 2 spell: Call Imp
   856 | D:1      | Learned a level 2 spell: Blink
  1071 | D:2      | Reached skill level 1 in Armour
  1242 | D:2      | Reached skill level 1 in Fighting
  1826 | D:2      | Reached XP level 4. HP: 25/25 MP: 7/13
  1909 | D:2      | Found a runed translucent door.
  1910 | D:2      | Noticed Crazy Yiuf
  1919 | D:2      | Killed Crazy Yiuf
  2156 | D:3      | Noticed Grinder
  2174 | D:3      | Paralysed by Grinder for 2 turns
  2182 | D:3      | Killed Grinder
  2183 | D:3      | Reached skill level 6 in Spellcasting
  2183 | D:3      | Reached XP level 5. HP: 21/29 MP: 4/16
  2183 | D:3      | Reached XP level 6. HP: 24/34 MP: 4/17
  2537 | D:3      | Reached skill level 7 in Spellcasting
  2858 | D:3      | Reached skill level 1 in Evocations
  2999 | D:3      | Found an opulent altar of Gozag.
  3000 | D:3      | Found a sparkling altar of Nemelex Xobeh.
  3403 | D:4      | Reached XP level 7. HP: 28/38 MP: 12/20
  3414 | D:4      | Reached skill level 1 in Air Magic
  3414 | D:4      | Reached skill level 1 in Earth Magic
  3414 | D:4      | Reached skill level 1 in Alchemy
  3557 | D:4      | You fall into a shaft and drop 2 floors!
  3574 | D:5      | Entered Level 5 of the Dungeon
  4130 | D:4      | Reached skill level 8 in Spellcasting
  4252 | D:4      | Found Ynouja Caeha's Magic Scroll Shoppe.
  4255 | D:4      | Bought a scroll of blinking for 75 gold pieces
  4255 | D:4      | Bought a scroll of noise for 10 gold pieces
  4255 | D:4      | Bought a scroll of teleportation for 30 gold pieces
  4255 | D:4      | Bought a scroll of identify for 20 gold pieces
  4255 | D:4      | Bought a scroll of teleportation for 30 gold pieces
  4652 | D:5      | Reached XP level 8. HP: 44/44 MP: 15/22
  4728 | D:5      | Reached skill level 9 in Spellcasting
  5760 | D:6      | Reached skill level 5 in Conjurations
  5891 | D:6      | Reached skill level 10 in Spellcasting
  6401 | D:6      | Reached XP level 9. HP: 45/48 MP: 19/25
  7048 | D:7      | Reached skill level 11 in Spellcasting
  7327 | D:7      | Found a shimmering altar of Xom.
  7327 | D:7      | Found a radiant altar of Vehumet.
  7328 | D:7      | Found a hazy altar of Hepliaklqana.
  7335 | D:7      | Became a worshipper of Vehumet
  7402 | D:7      | Reached skill level 5 in Earth Magic
  7556 | D:7      | Found a staircase to the Ecumenical Temple.
  7640 | D:7      | Found a snail-covered altar of Cheibriados.
  8182 | D:7      | Identified a scroll of acquirement
  8190 | D:7      | Acquired the Spellbook of the Ground and Conjuration
  8198 | D:7      | Learned a level 5 spell: Lee's Rapid Deconstruction
  8204 | D:7      | Learned a level 5 spell: Irradiate
  8527 | D:8      | Noticed Joseph
  8548 | D:8      | Killed Joseph
  8549 | D:8      | Reached skill level 12 in Spellcasting
  8982 | D:8      | Reached * piety under Vehumet
  8982 | D:8      | Offered knowledge of Freeze by Vehumet.
  9082 | D:8      | Noticed Psyche
  9085 | D:8      | Killed Psyche
  9086 | D:8      | Reached XP level 10. HP: 56/56 MP: 12/28
  9608 | D:9      | Found a shadowy altar of Dithmenos.
  9862 | D:9      | Found Xiaday's Distillery.
  9867 | D:9      | Bought a potion of heal wounds for 70 gold pieces
  9867 | D:9      | Bought a potion of curing for 42 gold pieces
  9867 | D:9      | Bought a potion of heal wounds for 70 gold pieces
  9867 | D:9      | Bought a potion of curing for 42 gold pieces
  9888 | D:9      | Noticed Erica
  9902 | D:9      | Killed Erica
  9903 | D:9      | Reached skill level 13 in Spellcasting
 11097 | D:10     | Entered Level 10 of the Dungeon
 11235 | D:10     | Reached skill level 14 in Spellcasting
 11308 | D:10     | Found a flagged portal.
 11308 | D:10     | Found the +4 consecrated labrys {holy, Valiant ^Fragile Fly
                  | SInv}
 11358 | Bailey   | Entered a bailey
 11638 | Bailey   | Offered knowledge of Momentum Strike by Vehumet.
 11692 | Bailey   | Reached ** piety under Vehumet
 12140 | D:10     | Reached XP level 11. HP: 61/61 MP: 24/31
 12153 | D:10     | Offered knowledge of Searing Ray by Vehumet.
 12171 | D:10     | Reached *** piety under Vehumet
 12338 | D:10     | Found a staircase to the Orcish Mines.
 12394 | D:10     | Noticed a two-headed ogre
 12402 | D:10     | Killed a two-headed ogre
 12733 | D:10     | Noticed Grum
 12740 | D:10     | Killed Grum
 12974 | D:10     | Offered knowledge of Flame Wave by Vehumet.
 13038 | D:10     | Reached skill level 15 in Spellcasting
 13328 | D:11     | Noticed Maurice
 13332 | D:11     | Killed Maurice
 13573 | D:11     | Found Ovvonulal's General Store.
 13592 | D:11     | Bought a potion of heal wounds for 55 gold pieces
 13635 | D:11     | Found a staircase to the Lair.
 14022 | D:11     | Found Xoahoan's Assorted Antiques.
 14131 | D:11     | Found Utit's Antique Weapon Shop.
 14158 | D:11     | Reached skill level 5 in Armour
 14232 | D:11     | Reached **** piety under Vehumet
 14235 | D:11     | Offered knowledge of Fulminant Prism by Vehumet.
 14259 | D:11     | Noticed Erolcha
 14274 | D:11     | Killed Erolcha
 14275 | D:11     | Reached skill level 16 in Spellcasting
 14286 | D:11     | Noticed an orc knight
 14331 | D:11     | Killed an orc knight
 14780 | D:12     | Noticed Nessos
 15019 | D:12     | Noticed a two-headed ogre
 15023 | D:12     | Killed a two-headed ogre
 15024 | D:12     | Reached XP level 12. HP: 56/67 MP: 7/34
 15024 | D:12     | Noticed a two-headed ogre
 15189 | D:12     | Noticed a two-headed ogre
 15192 | D:11     | HP: 3/67 [poisoned by Nessos]
 15655 | D:12     | HP: 1/67 [cyclops/large rock (38)]
 15655 | D:12     | Mangled by a wraith

Illustrated notes

Levels and vault maps discovered:
D:1:      minmay_arrival_plants_in_alcoves, layout_rooms, serial_forest,
          infiniplex_forest_clump_medium, infiniplex_forest_straight_2,
          infiniplex_forest_diagonal, infiniplex_forest_lined_3,
          chequers_mini_garden, hangedman_glass_garden, skrybe_limestone_x,
          chequers_serial_rivers_small_b
D:2:      layout_loops_ring, uniq_crazy_yiuf_cottage
D:3:      layout_basic, grunt_temple_overflow_opulence, nicolae_grassy_gnolls,
          uniq_grinder
D:4:      layout_cave_pods, serial_shops, nicolae_shop_rolled_up,
          serial_bayou_ford_a
D:5:      layout_gridville
D:6:      layout_basic, hex_large
D:7:      layout_gridville, kennysheep_slug_shrine,
          gammafunk_temple_overflow_claw, minmay_temple_entry_enclosed_plants
D:8:      layout_loops_ring, uniq_joseph, uniq_psyche
D:9:      layout_loops_corners, nicolae_dithmenos_shadow_blocks, serial_shops,
          kennysheep_little_box, uniq_erica
D:10:     layout_loops_ring, hiddenorc2_lemuel, enter_bailey_2, uniq_grum
D:11:     layout_loops_ring, erik_lair_orcish_takeover, special_room
          [special_room_orc], serial_shops, nicolae_shop_statue_plus, shop,
          shop, uniq_maurice, uniq_erolcha
D:12:     layout_cave_pools, uniq_nessos

Skill      XL: |  1  2  3  4  5  6  7  8  9 10 11 |
---------------+----------------------------------+-----
Spellcasting   | 5 6 7 8 10 12 14 16 | 16.5
Armour         | 1 2 3 5 |  5.0
Fighting       | 1 2 3 4 |  4.7
Conjurations   | 2 3 4 5 7 8 9 |  9.8
Dodging        | 3 4 |  4.0
Stealth        | 3 4 |  4.0
Evocations     | 1 |  1.0
Air Magic      | 1 |  1.1
Earth Magic    | 2 4 6 7 9 |  9.1
Alchemy        | 1 |  1.1
Summonings     | |  1.1
Translocations | |  1.1

Action                     |  1- 3 |  4- 6 |  7- 9 | 10-12 || total
---------------------------+-------+-------+-------+-------++-------
  Melee: Dagger            |    19 |     4 |       |       ||    23
         Punch             |     1 |       |       |     2 ||     3
         Quarterstaff      |       |    28 |    76 |       ||   104
         Falchion          |       |       |    62 |   200 ||   262
   Cast: Magic Dart        |    91 |    62 |   238 |    80 ||   471
         Call Imp          |       |     3 |     5 |     4 ||    12
         Mephitic Cloud    |       |     9 |    21 |    41 ||    71
         Blink             |       |       |     5 |     3 ||     8
         Lee's Rapid Decon |       |       |    12 |   108 ||   120
         Irradiate         |       |       |     1 |       ||     1
  Evoke: Wand              |       |       |       |     5 ||     5
    Use: Scroll            |       |       |    12 |     7 ||    19
         Potion            |       |       |       |     1 ||     1
   Stab: Confused          |       |     6 |    15 |    16 ||    37
         Distracted        |       |     1 |     1 |       ||     2
         Sleeping          |       |       |     1 |     1 ||     2
 Armour: Robe              |    19 |    10 |    30 |       ||    59
         Leather armour    |       |       |    82 |    88 ||   170
         Acid dragon scale |       |       |       |    24 ||    24
  Dodge: Dodged            |    22 |    10 |   102 |   138 ||   272

Table legend: (Time is in decaauts)
 A = Elapsed time spent in this place.
 B = Non-inter-level travel time spent in this place.
 C = Inter-level travel time spent in this place.
 D = Time resting spent in this place.
 E = Time spent auto-exploring this place.
 F = Levels seen in this place.
 G = Mean time per level.
                   A        B        C        D        E       F      G
               +--------+--------+--------+--------+--------+-----+--------+
         Total |  15784 |  15151 |    633 |   1174 |  11407 |  13 | 1214.2 |
       Dungeon |  15131 |  14498 |    633 |   1008 |  11104 |  12 | 1260.9 |
        Bailey |    652 |    652 |      0 |    166 |    302 |   1 |  652.0 |
               +--------+--------+--------+--------+--------+-----+--------+

Top non-repeatable levels by time:
    D:11: 2302 daAuts
     D:7: 1591 daAuts
    D:10: 1562 daAuts
     D:5: 1478 daAuts
     D:8: 1453 daAuts
     D:9: 1397 daAuts
     D:2: 1084 daAuts
     D:4: 1076 daAuts
     D:3: 1066 daAuts
     D:1: 1057 daAuts
     D:6: 1022 daAuts
  Bailey: 652 daAuts
    D:12: 39 daAuts
